 Dungeon Crawl Stone Soup version 0.17.0-18-gaab0e96 (console) character file.

70 gw the Firebug (level 3, -2/27 HPs)
             Began as a Demigod Fire Elementalist on Nov 12, 2015.
             Slain by an orc
             ... wielding a +0 club
              (4 damage)
             ... on level 3 of the Dungeon.
             The game lasted 00:02:16 (2692 turns).

gw the Firebug (Demigod Fire Elementalist)          Turns: 2692, Time: 00:02:16

Health: -2/27      AC:  5    Str: 11    XL:     3   Next: 77%
Magic:  0/9        EV: 12    Int: 21    God:
Gold:   67         SH:  0    Dex: 16    Spells: 2 memorised, 4 levels left

rFire  . . .     SeeInvis .     b - +0 dagger
rCold  . . .     Clarity  .     j - +0 leather armour
rNeg   . . .     SustAt   +     (no shield)
rPois  .         Gourm    .     h - +2 hat
rElec  .         Spirit   .     (no cloak)
rCorr  .         Warding  .     (no gloves)
rMut   .         Stasis   .     (no boots)
MR     .....                    i - amulet of inaccuracy (curse)
Stlth  ++........               (no ring)
                                (no ring)

@: very slightly contaminated, not resistant to hostile enchantments, unstealthy
A: high mp 1, sustain attributes
a: no special abilities


You were on level 3 of the Dungeon.
You were very hungry.

You visited 1 branch of the dungeon, and saw 3 of its levels.

You collected 67 gold pieces.

Inventory:

Hand Weapons
 b - a +0 dagger (weapon)
Missiles
 d - 74 stones (quivered)
 e - 10 poisoned needles
Armour
 h - a +2 hat (worn)
 j - a +0 leather armour (worn)
Jewellery
 i - a cursed amulet of inaccuracy (around neck)
Books
 f - a book of Flames

   Spells                             Type                      Level
   a - Flame Tongue                   Conjuration/Fire             1
   b - Throw Flame                    Conjuration/Fire             2
   c - Conjure Flame                  Conjuration/Fire             3
   d - Inner Flame                    Hexes/Fire                   3
   e - Sticky Flame                   Conjuration/Fire             4
   f - Fireball                       Conjuration/Fire             5
 g - a book of Callings

   Spells                             Type                      Level
   a - Summon Small Mammal            Summoning                    1
   b - Call Imp                       Summoning                    2
   c - Call Canine Familiar           Summoning                    3
   d - Summon Guardian Golem          Hexes/Summoning              3
   e - Summon Lightning Spire         Summoning/Air                4
   f - Summon Ice Beast               Ice/Summoning                4
Comestibles
 c - a bread ration


   Skills:
 + Level 0.8 Fighting
 + Level 1.1 Short Blades
 + Level 1.0 Armour
 - Level 1.7 Dodging
 - Level 1.7 Stealth
 * Level 2.5 Spellcasting
 - Level 0.8 Conjurations
 + Level 3.1 Fire Magic


You had 4 spell levels left.
You knew the following spells:

 Your Spells              Type           Power        Failure   Level  Hunger
a - Flame Tongue          Conj/Fire      ##...        10%         1    None
b - Throw Flame           Conj/Fire      ##....       14%         2    ##.....


Dungeon Overview and Level Annotations

Branches:
Dungeon (3/15)


Innate Abilities, Weirdness & Mutations

You have an increased reservoir of magic (+10% MP).
Your attributes are resistant to harm.


Message History

Unknown command.
Unknown command.
Unknown command.
Unknown command.
ATTACK MOVE TO (1,0)
You hit the orc.
You kill the orc!
Unknown command.
Unknown command.
Unknown command.
Unknown command.
Casting: Flame Tongue
Confirm with . or Enter, or press ? or * to list all spells.
Aiming: Flame Tongue
Press: ? - help, Shift-Dir - straight line, f - orc
Aim: an orc, wielding a club The flame tongue misses the orc.
The flame tongue hits the orc.
The orc is moderately wounded.
The orc hits you with a club.
You die...

..............##
................
<....!........#.#
#%...#.###.....
#..........#
#....#.#####
#....#<#
#....#.####g#
#.......poor#
###.#)####h.>...
..... .#..#
#.###) # . .. #.
# #. ..


You could see 2 orcs, a jackal, a hobgoblin and a rat.

Table legend:
 A = Turns spent in this place as a percentage of turns spent in the entire game.
 B = Non-inter-level travel turns spent in this place as a percentage of non-inter-level travel turns spent in the entire game.
 C = Inter-level travel turns spent in this place as a percentage of turns spent in this place.
 D = Turns resting spent in this place as a percentage of non-inter-level travel turns spent in this place.
 E = Turns spent auto-exploring this place as a percentage of non-inter-level travel turns spent in this place.
 F = Non-inter-level travel turns spent in this place divided by the number of levels of this place that you've seen.
                   A       B       C       D       E      F
               +-------+-------+-------+-------+-------+----------------------
         Total | 100.0 | 100.0 |   0.6 |   3.1 |   3.0 | 1022.7
       Dungeon | 100.0 | 100.0 |   0.6 |   3.1 |   3.0 | 1022.7
               +-------+-------+-------+-------+-------+----------------------

Table legend:
 A = Kills in this place as a percentage of kills in entire the game.
 B = Kills by you in this place as a percentage of kills by you in the entire game.
 C = Kills by friends in this place as a percentage of kills by friends in the entire game.
 D = Other kills in this place as a percentage of other kills in the entire game.
 E = Experience gained in this place as a percentage of experience gained in the entire game.
 F = Experience gained in this place divided by the number of levels of this place that you have seen.
                   A       B       C       D       E      F
               +-------+-------+-------+-------+-------+----------------------
         Total | 100.0 | 100.0 |  -nan |  -nan | 100.0 |  33.7
       Dungeon | 100.0 | 100.0 |  -nan |  -nan | 100.0 |  33.7
               +-------+-------+-------+-------+-------+----------------------

Vanquished Creatures
  An adder (D:2)
  An ooze (D:2)
  2 worms (D:2)
  2 giant geckos
  2 orcs (D:3)
  2 ball pythons (D:1)
  8 bats
  3 hobgoblins
  A quokka (D:2)
  2 giant newts
  6 goblins
  8 jackals
  5 kobolds
  8 rats
51 creatures vanquished.

Vanquished Creatures (others)
  An adder (D:2)
  An orc (D:2)
  A goblin (D:2)
  A jackal (D:2)
4 creatures vanquished.

Grand Total: 55 creatures vanquished

Notes
Turn   | Place    | Note
--------------------------------------------------------------
     0 | D:1      | gw the Demigod Fire Elementalist began the quest for the Orb.
     0 | D:1      | Reached XP level 1. HP: 14/14 MP: 5/5
   379 | D:1      | Reached XP level 2. HP: 20/20 MP: 5/7
   402 | D:1      | Learned a level 2 spell: Throw Flame
   737 | D:1      | Reached skill level 3 in Fire Magic
  1668 | D:2      | Reached XP level 3. HP: 26/26 MP: 5/9
  1678 | D:2      | Reached skill level 1 in Armour
  2021 | D:2      | Reached skill level 1 in Short Blades
  2692 | D:3      | Slain by an orc

Action                   || total
-------------------------++-------
Melee: Dagger            ||    41
Throw: Stone             ||    48
 Cast: Flame Tongue      ||    45
       Throw Flame       ||    37
  Eat: Chunk             ||     7

Vault maps used:
D:1:      dpeg_arrival_short_road, minmay_misc_feat_hallway
D:2:      lemuel_old_faithful
D:3:      nemelex_xobeh_ov_fountains_minmay, gammafunk_temple_overflow_wave,
          first_bread, st_stairs_13
